 Dungeon Crawl Stone Soup version 0.16.1 (webtiles) character file.

1188 Fiveotanaka the Basher (level 8, -13/62 HPs)
             Began as a Minotaur Assassin on Mar 24, 2015.
             Was an Initiate of Ru.
             Mangled by an orc warrior
             ... wielding a +0 mace
              (16 damage)
             ... on level 6 of the Dungeon.
             The game lasted 00:13:07 (6293 turns).

Fiveotanaka the Basher (Minotaur Assassin)          Turns: 6293, Time: 00:13:07

Health: -13/62     AC:  9    Str: 16    XL:     8   Next: 19%
Magic:  3/3        EV: 11    Int:  8    God:    Ru [......]
Gold:   288        SH:  0    Dex: 14    Spells: 0 memorised, 7 levels left

rFire  . . .     SeeInvis +     F - +0 flail
rCold  . . .     Clarity  .     w - +0 ring mail
rNeg   . . .     SustAb   .     (no shield)
rPois  .         Gourm    .     (helmet restricted)
rElec  .         Spirit   .     d - +0 cloak
rCorr  .         Warding  .     G - +0 pair of gloves
rMut   .         Stasis   .     H - +1 pair of boots
MR     .....                    L - amulet of regeneration
Stlth  +.........               (no ring)
                                y - ring of see invisible

@: not resistant to hostile enchantments, very unstealthy
A: retaliatory headbutt, horns 2
a: Renounce Religion


You were on level 6 of the Dungeon.
You worshipped Ru.
Ru was noncommittal.
You were not hungry.

You visited 2 branches of the dungeon, and saw 7 of its levels.

You collected 288 gold pieces.

Inventory:

Hand weapons
 a - a +2 dagger
 b - a +0 blowgun
 m - a +0 club
 u - a +0 whip
 F - a +0 flail (weapon)
Missiles
 e - 22 poisoned needles
 f - 2 curare-tipped needles
 o - 5 needles of frenzy
Armour
 d - a +0 cloak (worn)
 w - a +0 ring mail (worn)
 G - a +0 pair of gloves (worn)
 H - a +1 pair of boots (worn)
Jewellery
 y - a ring of see invisible (left hand)
 L - an amulet of regeneration (around neck)
 M - an uncursed amulet of resist corrosion
Magical devices
 x - a wand of fireball (5)
 B - a wand of confusion (18)
 J - a wand of enslavement (12)
Scrolls
 i - a scroll of blinking {unknown}
 j - 2 scrolls of recharging
 p - a scroll of teleportation {unknown}
 r - 2 scrolls of amnesia
 s - 2 scrolls of magic mapping
 t - a scroll of enchant weapon {unknown}
 E - 2 scrolls of fear {unknown}
 K - a scroll of random uselessness {unknown}
Potions
 c - a potion of degeneration {unknown}
 k - 3 potions of might
 l - a potion of agility {unknown}
 n - a potion of haste {unknown}
 v - 2 potions of curing {unknown}
 z - a potion of cure mutation {unknown}
 A - a potion of restore abilities {unknown}
 D - a potion of mutation {unknown}
 I - 2 potions of resistance {unknown}
 N - a potion of brilliance {unknown}
 O - a potion of magic {unknown}
Comestibles
 g - 3 bread rations
 h - 2 meat rations
 q - 3 fruits
 C - 4 chunks of flesh


   Skills:
 - Level 2.4 Fighting
 - Level 2.1 Short Blades
 + Level 11.2 Maces & Flails
 - Level 2.0 Throwing
 - Level 2.2 Dodging
 - Level 3.2 Stealth


You had 7 spell levels left.
You didn't know any spells.

Dungeon Overview and Level Annotations

Branches:
Dungeon (6/15)             Temple (1/1) D:6

Altars:
Ashenzari
Dithmenos
Elyvilon
Qazlal
Ru
Vehumet

Shops:
D:5 [

Annotations:
D:2 Sigmund
D:3 Fiveotanaka's ghost, average MiAs


Innate Abilities, Weirdness & Mutations

You reflexively headbutt those who attack you in melee.
You have a pair of horns on your head.


Message History

You headbutt the orc warrior, but do no damage.
The orc warrior is severely wounded.
You closely miss the orc warrior.
You headbutt the orc warrior, but do no damage.
The orc warrior is severely wounded.
The orc warrior closely misses you. You furiously retaliate!
You headbutt the orc warrior, but do no damage.
The orc hits you with a falchion of slicing!
* * * LOW HITPOINT WARNING * * *
x2 You hit the orc.
You kill the orc!
The orc warrior hits you with a mace!
* * * LOW HITPOINT WARNING * * *
You hit the orc warrior but do no damage.
You headbutt the orc warrior.
The orc warrior is almost dead.
You closely miss the orc warrior.
The orc warrior is almost dead.
The orc warrior hits you with a mace!
You die...

#.######....>## #####.#####..
..####### #....<....#.##
#.#.....####
#.###.###.#.##.##.#.........
#.##......#.##..........####
#.##......#.#####.#.....#
#.##............#.#.))..#
#.##......#o....)......#.#
#.........)@..#######...## ###
##.##..######.#######...###
..#####.##..######.............
#................#..######)..##
..##.#####..####........##...#
.###.# #..# ###..###(##...# .#
#.# #..######...........####
.###.#####.......................
...#.(.)....#######.######.#.####


You could see an orc warrior.

Vanquished Creatures
  2 ice beasts (D:6)
  A phantom (D:4)
  2 ogres
  A giant frog (D:6)
  3 scorpions
  A centaur zombie (D:6)
  2 hounds
  A gnoll shaman (D:4)
  2 orc wizards (D:4)
  2 iguanas
  4 worker ants
  3 gnolls (D:4)
  7 adders
  3 worms
  3 giant geckos
  An ooze (D:1)
  22 orcs
  16 bats
  A bat zombie (D:6)
  4 giant cockroaches
  2 goblins
  6 hobgoblins
  6 jackals
  14 kobolds
  12 rats
121 creatures vanquished.

Notes
Turn   | Place    | Note
--------------------------------------------------------------
     0 | D:1      | Fiveotanaka, the Minotaur Assassin, began the quest for the Orb.
     0 | D:1      | Reached XP level 1. HP: 18/18 MP: 1/1
   328 | D:1      | Reached XP level 2. HP: 25/25 MP: 1/1
   456 | D:1      | Reached skill level 1 in Maces & Flails
  1280 | D:2      | Reached XP level 3. HP: 30/30 MP: 2/2
  1570 | D:2      | Noticed Sigmund
  2022 | D:2      | Reached XP level 4. HP: 35/37 MP: 2/2
  2141 | D:3      | Reached skill level 4 in Maces & Flails
  2351 | D:3      | Noticed Fiveotanaka's ghost (average MiAs)
  2540 | D:4      | Reached skill level 5 in Maces & Flails
  2543 | D:4      | Reached XP level 5. HP: 22/42 MP: 2/2
  2703 | D:4      | Got a shadowed robe
  2721 | D:4      | Identified the +2 robe "Deips" {Stlth+} (You found it on level 4 of the Dungeon)
  2870 | D:4      | Reached skill level 6 in Maces & Flails
  2935 | D:4      | Noticed a phantom
  2949 | D:4      | Killed a phantom
  2949 | D:4      | Reached XP level 6. HP: 33/50 MP: 3/3
  3232 | D:4      | Reached skill level 7 in Maces & Flails
  4519 | D:5      | Entered Level 5 of the Dungeon
  4664 | D:5      | Reached skill level 8 in Maces & Flails
  4890 | D:5      | Found Nalolup's Antique Armour Shop.
  4910 | D:5      | Reached XP level 7. HP: 53/56 MP: 3/3
  5471 | D:5      | Reached skill level 9 in Maces & Flails
  5850 | D:6      | Reached skill level 10 in Maces & Flails
  5868 | D:6      | Found a radiant altar of Vehumet.
  5897 | D:6      | Found a staircase to the Ecumenical Temple.
  5907 | Temple   | Entered the Ecumenical Temple
  5919 | Temple   | Became a worshipper of Ru the Awakened
  6122 | D:6      | Reached XP level 8. HP: 48/62 MP: 3/3
  6194 | D:6      | Reached skill level 11 in Maces & Flails
  6291 | D:6      | HP: 2/62 [orc warrior/mace (10)]
  6293 | D:6      | Mangled by an orc warrior

Action                   |  1- 3 |  4- 6 |  7- 9 || total
-------------------------+-------+-------+-------++-------
Melee: Dagger            |    17 |       |       ||    17
       Club              |    41 |       |       ||    41
       Whip              |    67 |    64 |       ||   131
       Unarmed           |     1 |       |       ||     1
       Flail             |       |   160 |   105 ||   265
  Use: Scroll            |     2 |     2 |     3 ||     7
 Stab: Sleeping          |     3 |     1 |       ||     4
  Eat: Chunk             |     2 |    10 |     3 ||    15
       Fruit             |     1 |       |       ||     1
       Pizza             |       |       |     1 ||     1
